 Dungeon Crawl Stone Soup version 0.26.0-45-g9c1d065592 (webtiles) character file.

Game seed: 9510256782186998416

3117 hannobal the Cleaver (level 9, -4/73 HPs)
             Began as a Palentonga Fighter on Jan 28, 2021.
             Was an Elder of Makhleb.
             Slain by a two-headed ogre
             ... wielding a +0 dire flail
              (13 damage)
             ... on level 7 of the Dungeon on Jan 30, 2021.
             The game lasted 00:36:22 (11622 turns).

hannobal the Cleaver (Palentonga Fighter)          Turns: 11622, Time: 00:36:23

Health: -4/73      AC: 18    Str: 22      XL:     9   Next: 60%
Magic:  11/11      EV:  4    Int:  9      God:    Makhleb [****..]
Gold:   279        SH: 10    Dex:  9 (10) Spells: 8/8 levels left

rFire    + + .     SeeInvis +   a - +2 war axe
rCold    . . .     Faith    +   c - +0 kite shield
rNeg     . . .     Spirit   .   h - +1 chain mail {rF+}
rPois    .         Reflect  .   (helmet restricted)
rElec    .         Harm     .   (no cloak)
rCorr    .         Rampage  .   n - +1 pair of gloves
Will     .....                  (no barding)
Stlth    ..........             g - amulet of faith
HPRegen  0.22/turn              (no ring)
MPRegen  0.12/turn              (no ring)

@: mighty, curled up
A: large, horns 1, rugged brown scales 3, see invisible, blink, deformed body,
deterioration 1, fire resistance 1, roll 1, armoured tail, reflexive curl
a: Rolling Charge, Blink, Renounce Religion, Minor Destruction, Lesser Servant
of Makhleb, Major Destruction


You were on level 7 of the Dungeon.
You worshipped Makhleb.
Makhleb was greatly pleased with you.
You visited 1 branch of the dungeon, and saw 8 of its levels.
You also visited: Bailey.

You collected 434 gold pieces.
You spent 155 gold pieces at shops.

Inventory:

Hand Weapons
 a - a +2 war axe (weapon)
 b - a +0 hunting sling
 l - a +0 morningstar
 q - a +0 dire flail
 s - the +2 rapier "Lifebane" {speed, rC- Str+3 Int+3}
   (You found it on level 6 of the Dungeon)

   Attacks with this weapon are significantly faster.
   It affects your strength (+3).
   It affects your intelligence (+3).
   It makes you vulnerable to cold.
 w - a +1 dagger of venom
 x - a +0 great mace
Missiles
 e - 207 stones
 f - 103 arrows
 j - 78 sling bullets
 k - 55 bolts
 m - 11 poisoned darts
 r - 2 throwing nets
 t - 6 curare-tipped darts
 z - 33 boomerangs
Armour
 c - a +0 kite shield (worn)
 h - a +1 chain mail of fire resistance (worn)
 n - a +1 pair of gloves (worn)
Jewellery
 g - an amulet of faith (around neck)
Scrolls
 i - a scroll of fog
 o - 3 scrolls of remove curse
 p - a scroll of teleportation
 v - a scroll of amnesia
 y - a scroll of enchant armour
 B - a scroll of identify
 C - a scroll of magic mapping
Potions
 d - 2 potions of heal wounds
 u - 2 potions of flight
 A - a potion of brilliance


   Skills:
 - Level 3.0 Fighting
 + Level 11.9 Axes
 - Level 2.4 Armour
 - Level 5.0 Shields
 - Level 3.1 Invocations


You had 8 spell levels left.
You didn't know any spells.
Your spell library contained the following spells:

 Spells                   Type           Power        Failure   Level
 Animate Skeleton         Necr           0%           100%        1
 Foxfire                  Conj/Fire      0%           100%        1
 Pain                     Necr           0%           100%        1
 Confusing Touch          Hex            0%           100%        3
 Conjure Flame            Conj/Fire      0%           100%        3
 Gell's Gravitas          Tloc           0%           100%        3
 Inner Flame              Hex/Fire       0%           100%        3
 Vampiric Draining        Necr           0%           100%        3
 Animate Dead             Necr           0%           100%        4
 Petrify                  Tmut/Erth      0%           100%        4
 Sticky Flame             Conj/Fire      0%           100%        4
 Agony                    Necr           0%           100%        5
 Fireball                 Conj/Fire      0%           100%        5
 Metabolic Englaciation   Hex/Ice        0%           100%        5
 Yara's Violent Unravell  Hex/Tmut       0%           100%        5


Dungeon Overview and Level Annotations

Branches:
Dungeon (8/15)             Temple (0/1) D:4          Bailey (visited)
   Lair: D:8-11

Altars:
Cheibriados
Hepliaklqana
Makhleb
Okawaru
Sif Muna
Uskayaw
Vehumet
Xom
Zin

Shops:
D:5 ?

Annotations:
D:7 Harold


Innate Abilities, Weirdness & Mutations

You are completely covered in rugged brown scales. (AC +3, +7% HP)
You have supernaturally acute eyesight. (SInv)
Armour fits poorly on your strangely shaped body.
You can roll at nearby foes to attack.
You have a long armoured tail.
You curl defensively after being hit.
You have a pair of small horns on your head.
You can translocate small distances at will.
Your body sometimes deteriorates upon taking damage.
Your flesh is heat resistant. (rF+)


Message History

Unknown command.
The two-headed ogre hits you with a +0 dire flail!!
The two-headed ogre hits you with a +0 giant club.
The orc wizard miscasts a cantrip.
You climb upwards.
Level annotation: Harold
There is a stone staircase leading down here.
You feel very mighty all of a sudden.
The two-headed ogre hits you with a +0 dire flail.
* * * LOW HITPOINT WARNING * * *
The two-headed ogre hits you with a +0 giant club!
* * * LOW HITPOINT WARNING * * *
You slash the two-headed ogre!
The two-headed ogre is moderately wounded.
You slash the two-headed ogre!
Your tail-slap misses the two-headed ogre.
The two-headed ogre is heavily wounded.
You block the two-headed ogre's attack.
The two-headed ogre hits you with a +0 giant club!
You die...

## ###. #_'. ###. ####
#... #...
###############...
#@O...........'...
#.########.####...
#.########.# #...
#..........# #...
#..........# ####
####..........#
##..'..........#######
#...#.................
#..!#.................


You could see a two-headed ogre.

Vanquished Creatures
  Prince Ribbit (D:7)
  Menkaure (D:7)
  2 ice beasts
  4 orc warriors
  A sky beast (D:7)
  2 ogres
  A phantom (D:7)
  A centaur (D:5)
  A bullfrog (D:6)
  2 scorpions
  9 killer bees (D:7)
  3 howler monkeys (D:7)
  3 hounds
  A jelly (D:6)
  A centaur skeleton (D:6)
  9 orc priests
  5 orc wizards
  2 iguanas
  4 worker ants
  A killer bee zombie (D:6)
  A hound zombie (D:7)
  Robin (D:1)
  A howler monkey zombie (D:5)
  A worker ant zombie (D:7)
  9 adders
  3 gnolls
  A howler monkey skeleton (D:7)
  A shadow imp (D:5)
  3 white imps
  An ufetubus (D:6)
  2 oozes
  3 worms
  5 dart slugs
  8 leopard geckos
  35 orcs
  5 giant cockroaches
  19 goblins
  17 hobgoblins
  3 jackals (D:2)
  22 kobolds
  5 quokkas
  3 ball pythons
  13 bats
  4 frilled lizards
  A quokka skeleton (D:6)
  9 rats
230 creatures vanquished.

Vanquished Creatures (others)
  A fungus (D:4)
1 creature vanquished.

Grand Total: 231 creatures vanquished

Notes
Turn   | Place    | Note
-------+----------+-------------------------------------------
     0 | D:1      | hannobal the Palentonga Fighter began the quest for the
                  | Orb.
     0 | D:1      | Reached XP level 1. HP: 20/20 MP: 1/1
    47 | D:1      | Reached XP level 2. HP: 19/27 MP: 2/2
    52 | D:1      | Gained mutation: Your body sometimes deteriorates upon
                  | taking damage. [potion of mutation]
    52 | D:1      | Gained mutation: You have a pair of small horns on your
                  | head. [potion of mutation]
    52 | D:1      | Gained mutation: You can translocate small distances at
                  | will. [potion of mutation]
    52 | D:1      | Gained mutation: Your flesh is heat resistant. (rF+)
                  | [potion of mutation]
   268 | D:1      | Reached skill level 3 in Axes
   305 | D:1      | Reached XP level 3. HP: 31/33 MP: 3/3
   945 | D:2      | Noticed Robin
   961 | D:1      | Reached skill level 4 in Axes
   961 | D:1      | Reached XP level 4. HP: 24/40 MP: 4/4
  1510 | D:1      | Reached skill level 5 in Axes
  1604 | D:1      | Killed Robin
  1749 | D:2      | Reached XP level 5. HP: 48/48 MP: 5/5
  1924 | D:2      | Reached skill level 6 in Axes
  2284 | D:2      | Reached XP level 6. HP: 47/54 MP: 6/6
  2383 | D:2      | Found a burning altar of Makhleb.
  2391 | D:2      | Became a worshipper of Makhleb the Destroyer
  3184 | D:3      | Reached skill level 7 in Axes
  3190 | D:3      | Reached * piety under Makhleb
  3813 | D:2      | Found a snail-covered altar of Cheibriados.
  4014 | D:4      | Found a staircase to the Ecumenical Temple.
  4115 | D:4      | Found a glowing silver altar of Zin.
  4115 | D:4      | Found a hide-covered altar of Uskayaw.
  4116 | D:4      | Found an iron altar of Okawaru.
  4116 | D:4      | Found a radiant altar of Vehumet.
  4295 | D:4      | Gained mutation: You curl defensively after being hit.
                  | [Palentonga growth]
  4295 | D:4      | Reached XP level 7. HP: 60/60 MP: 7/7
  4500 | D:4      | Found a hazy altar of Hepliaklqana.
  4638 | D:5      | Entered Level 5 of the Dungeon
  4648 | D:5      | Reached skill level 8 in Axes
  4737 | D:5      | Reached ** piety under Makhleb
  5241 | D:5      | Reached skill level 9 in Axes
  5462 | D:5      | Found Ilapiy's Magic Scroll Shop.
  5469 | D:5      | Bought a scroll of fear for 35 gold pieces
  5469 | D:5      | Bought a scroll of teleportation for 30 gold pieces
  5469 | D:5      | Bought a scroll of teleportation for 30 gold pieces
  5469 | D:5      | Bought a scroll of identify for 20 gold pieces
  5739 | D:5      | Reached XP level 8. HP: 47/67 MP: 8/8
  6011 | D:5      | Bought a scroll of identify for 20 gold pieces
  6011 | D:5      | Bought a scroll of identify for 20 gold pieces
  6469 | D:6      | Got a steaming rapier
  6470 | D:6      | Identified the cursed +2 rapier "Lifebane" {speed, rC-
                  | Str+3 Int+3} (You found it on level 6 of the Dungeon)
  6821 | D:6      | Reached skill level 10 in Axes
  7783 | D:6      | Reached *** piety under Makhleb
  7784 | D:6      | Reached skill level 11 in Axes
  8048 | D:6      | Reached skill level 1 in Invocations
  8280 | D:7      | Noticed Menkaure
  8432 | D:7      | Killed Menkaure
  8735 | D:7      | Reached XP level 9. HP: 68/73 MP: 11/11
  8777 | D:7      | Found a flagged portal.
  8804 | Bailey   | Entered a bailey
  8809 | Bailey   | Noticed an orc warlord
  9259 | D:7      | Noticed Prince Ribbit
  9645 | D:7      | Found a shimmering altar of Xom.
  9645 | D:7      | Found a shimmering altar of Xom.
 10183 | D:7      | Found a shimmering altar of Xom.
 10184 | D:7      | Found a shimmering altar of Xom.
 10184 | D:7      | Found a shimmering altar of Xom.
 10184 | D:7      | Found a shimmering altar of Xom.
 10185 | D:7      | Found a shimmering altar of Xom.
 10382 | D:7      | Reached skill level 5 in Shields
 10608 | D:7      | Noticed a meliai
 10608 | D:7      | Noticed a jumping spider
 10616 | D:7      | Noticed a salamander
 10616 | D:7      | a meliai changed into a salamander
 10646 | D:7      | Killed Prince Ribbit
 10646 | D:7      | Reached **** piety under Makhleb
 10810 | D:7      | Noticed a two-headed ogre
 10811 | D:7      | Noticed a cyclops
 10817 | D:7      | Noticed a yaktaur
 10819 | D:7      | Noticed a swamp dragon
 10819 | D:7      | a yaktaur changed into a swamp dragon
 10851 | D:7      | Noticed Harold
 11269 | D:7      | Noticed a goliath frog
 11269 | D:7      | Noticed a water nymph
 11422 | D:7      | Found a shimmering blue altar of Sif Muna.
 11547 | D:8      | Noticed a two-headed ogre
 11622 | D:7      | Slain by a two-headed ogre

Illustrated notes

Levels and vault maps discovered:
D:1:      eino_arrival_water_star, layout_basic, serial_corexii_hall,
          chequers_hall_statues_corner_a, chequers_hall_statues_y,
          chequers_hall_statues_wall_a
D:2:      minmay_chambers_of_twos, layout_basic, nicolae_overflow_hidden_temple,
          bloody_makhleb, uniq_robin
D:3:      layout_rooms, portal_sewer_entry_e, grunt_decor_mini_mirrors
D:4:      minmay_diamond_boxcup, layout_loops_ring, marbit_many_paths,
          chequers_temple_overflow_statue_of_worship,
          minmay_temple_entry_statues_pillars, serial_aquarium,
          aquarium_bridge_square [aquarium_subvault_bridge,
          aquarium_subvault_wall, aquarium_subvault_balcony,
          aquarium_subvault_bridge], aquarium_window_fake, aquarium_window_fake,
          aquarium_view_2f, aquarium_view_2a, aquarium_pool_side
D:5:      layout_layer_cave, serial_shops, shop
D:6:      layout_basic
D:7:      layout_basic, lemuel_blue_sif_altar, enter_bailey_4, xom_shifter_show,
          uniq_menkaure, uniq_prince_ribbit1, uniq_harold
D:8:      kennysheep_windowed_halls, layout_basic, erik_lair_island,
          nicolae_ossuary_entry_false_entrances, small_chamber_with_monster,
          uniq_psyche

Skill      XL: |  1  2  3  4  5  6  7  8  9 |
---------------+----------------------------+-----
Axes           | 3 4 5 6 7 9 11 | 11.9
Invocations    | 3 |  3.1
Shields        | 3 5 |  5.0
Fighting       | |  3.0
Armour         | |  2.4

Action                   |  1- 3 |  4- 6 |  7- 9 || total
-------------------------+-------+-------+-------++-------
Melee: War axe           |    87 |   213 |   359 ||   659
       Tailslap          |     4 |    15 |    32 ||    51
       Headbutt          |     5 |    22 |    37 ||    64
       Rapier            |       |       |     2 ||     2
 Fire: Hunting sling     |       |       |    45 ||    45
Throw: Boomerang         |       |       |     1 ||     1
Invok: Minor Destruction |       |       |     1 ||     1
 Abil: Rolling Charge    |    25 |    28 |    53 ||   106
       Blink             |     1 |       |     3 ||     4
  Use: Scroll            |     3 |     5 |    14 ||    22
       Potion            |     1 |     4 |     5 ||    10
Armor: Scale mail        |    38 |       |       ||    38
       Chain mail        |     9 |   115 |   172 ||   296
Dodge: Dodged            |    22 |    27 |    37 ||    86
Block: Kite shield       |    41 |   107 |   176 ||   324
